Map: Ruins of Seras

Players

Tefel - Winner!

  • Race: Zerg Zerg
  • League: Platinum

NightEnD

  • Race: Protoss Protoss
  • League: Master

Event: Lycan League Weekly August #3

VOD

Have the link to the VOD?

Description

Time

  • Played on: Aug. 17, 2015, 2:03 p.m.
  • Length: 12:03

All games in this series

Show
View Real Time Build Order
Export as new Build Order

Tefel Zerg - Winner!

Build Orders: Pool First 

Get SALT Encoding   

  12  0:01  Drone  
  13  0:08  Drone  
  14  0:18  Overlord  
  14  0:24  Extractor  
  14  0:25  Drone  
  15  0:37  Drone x2  
  17  0:47  Spawning Pool  
  17  0:48  Drone  
  17  0:55  Drone  
  18  1:13  Hatchery  
  18  1:14  Drone  
  18  1:17  Extractor  
  17  1:19  Drone  
  18  1:28  Drone  
  19  1:34  Queen  
  19  1:37  Drone  
  22  1:48  Overlord  
  22  2:04  Hatchery  
  21  2:10  Queen  
  21  2:14  Drone  
  24  2:20  Metabolic Boost  
  24  2:24  Drone  
  24  2:28  Drone  
  24  2:29  Drone  
  27  2:34  Drone  
  27  2:36  Drone  
  29  2:42  Drone  
  29  2:43  Drone x2  
  32  2:45  Drone  
  32  2:47  Drone  
  34  2:51  Overlord  
  34  2:55  Drone  
  34  2:58  Zergling x2  
  36  3:09  Queen  
  36  3:12  Drone  
  39  3:15  Drone x3, Overlord  
  39  3:16  Zergling x2  
  39  3:17  Zergling x2  
  44  3:24  Drone  
  45  3:27  Roach Warren, Drone  
  45  3:32  Drone x3  
  48  3:39  Extractor  
  48  3:40  Lair  
  47  3:42  Drone x2  
  47  3:48  Drone x3  
  52  3:49  Overlord  
  55  3:55  Drone x3  
  55  3:56  Drone  
  55  4:02  Spore Crawler  
  54  4:03  Drone x2  
  54  4:05  Drone  
  54  4:09  Spore Crawler  
  56  4:16  Drone x4  
  60  4:20  Overlord  
  60  4:21  Drone x4  
  60  4:22  Drone  
  60  4:23  Drone  
  66  4:26  Overlord  
  66  4:28  Overlord  
  66  4:33  Overlord  
  66  4:38  Hydralisk Den, Glial Reconstitution, Extractor  
  65  4:39  Roach  
  65  4:41  Overlord  
  65  4:44  Overseer  
  66  4:46  Drone x2  
  66  4:47  Drone  
  66  4:49  Extractor, Roach, Zergling x2  
  66  4:50  Zergling x2  
  72  4:54  Roach  
  72  4:57  Overlord, Extractor  
  73  5:05  Roach x3  
  79  5:07  Zergling x10  
  79  5:08  Zergling x4  
  79  5:10  Zergling x4  
  87  5:15  Roach  
  87  5:18  Hydralisk, Roach  
  93  5:24  Roach  
  95  5:30  Drone x3  
  95  5:32  Overlord, Zergling x2  
  95  5:33  Zergling x10  
  104  5:37  Muscular Augments  
  104  5:40  Roach  
  104  5:42  Roach x3  
  112  5:46  Roach  
  112  5:49  Overlord  
  114  5:56  Overlord, Hydralisk x3  
  115  6:00  Hydralisk  
  121  6:07  Overlord x3  
  121  6:09  Overlord  
  121  6:10  Hydralisk x2  
  121  6:11  Hydralisk  
  125  6:15  Hydralisk  
  129  6:19  Hydralisk  
  129  6:24  Hydralisk  
  130  6:29  Roach x2  
  130  6:30  Roach  
  136  6:34  Roach x2  
  136  6:35  Roach  
  136  6:38  Roach  
  136  6:40  Roach  
  136  6:43  Roach x2  
  136  6:44  Overlord, Zergling x10  
  146  6:47  Roach x2  
  146  6:51  Roach  
  148  6:57  Roach  
  148  6:58  Roach  
  152  7:01  Hydralisk  
  152  7:06  Hydralisk  
  152  7:08  Roach  
  158  7:16  Roach x7  
  158  7:19  Zergling x6  
  158  7:22  Roach  
  177  7:23  Overlord x3  
  177  7:24  Overlord  
  177  7:29  Roach  
  177  7:32  Overlord x2  
  176  7:41  Roach  
  156  7:47  Roach x3  
  156  7:50  Roach x3  
  156  7:51  Roach  
  152  7:52  Roach x3  
  152  7:53  Roach  
  152  7:56  Hydralisk  
  140  7:59  Hydralisk  
  140  8:02  Roach  
  140  8:05  Roach  
  135  8:07  Drone  
  135  8:09  Drone  
  138  8:12  Drone x2  
  138  8:16  Roach  
  138  8:18  Roach  
  142  8:23  Roach x2  
  146  8:30  Evolution Chamber, Infestation Pit  
  146  8:32  Hydralisk  
  146  8:35  Roach  
  146  8:40  Ravager  
  149  8:42  Ravager, Hydralisk  
  149  8:43  Hydralisk x2  
  149  8:46  Zergling x2  
  149  8:48  Roach  
  158  8:52  Roach x2  
  158  8:54  Roach  
  153  8:59  Roach x2  
  153  9:00  Roach  
  145  9:02  Roach  
  145  9:03  Zergling x2  
  145  9:09  Roach  
  126  9:13  Roach  
  126  9:16  Zergling x2  
  95  9:42  Roach  
  95  9:45  Drone  
  95  9:51  Drone  
  92  10:07  Drone  
  93  10:12  Drone  
  94  10:16  Drone  
  90  10:29  Hydralisk  
  90  10:30  Hydralisk  
  90  10:32  Drone  
  95  10:44  Drone x3  
  98  10:51  Queen  
  100  11:00  Hydralisk  
  102  11:05  Hydralisk  
  102  11:11  Roach  
  106  11:13  Zergling x2  
  106  11:14  Zergling x2  
  106  11:18  Zergling x2  
  109  11:20  Zergling x2  
  109  11:25  Roach  
  112  11:30  Zergling x2  
  112  11:32  Zergling x2  
Show
View Real Time Build Order
Export as new Build Order

NightEnD Protoss 

Build Orders: 1 Gate Expand, Mass Adepts 

Get SALT Encoding   

  12  0:01  Probe  
  13  0:15  Pylon  
  13  0:18  Probe  
  14  0:33  Probe (Chrono Boost)  
  15  0:36  Gateway  
  15  0:42  Probe (Chrono Boost)  
  17  0:50  Probe  
  17  1:02  Probe (Chrono Boost)  
  18  1:13  Probe (Chrono Boost)  
  19  1:19  Probe (Chrono Boost)  
  19  1:23  Nexus  
  20  1:31  Probe  
  20  1:32  Pylon  
  21  1:37  Assimilator  
  21  1:43  Probe (Chrono Boost)  
  21  1:45  Assimilator  
  23  1:55  Probe (Chrono Boost)  
  23  1:59  Cybernetics Core  
  23  2:02  Probe (Chrono Boost)  
  23  2:06  Zealot  
  26  2:12  Probe (Chrono Boost)  
  27  2:22  Probe (Chrono Boost)  
  28  2:30  Probe  
  28  2:33  Pylon  
  28  2:36  Probe (Chrono Boost)  
  30  2:40  Adept  
  30  2:43  Mothership Core (Chrono Boost), Warp Gate (Chrono Boost)  
  35  2:53  Probe (Chrono Boost)  
  35  2:58  Probe (Chrono Boost)  
  36  2:59  Probe  
  37  3:07  Gateway  
  37  3:09  Gateway  
  37  3:14  Gateway  
  37  3:16  Probe  
  37  3:17  Probe  
  39  3:22  Pylon  
  39  3:28  Probe  
  39  3:29  Probe  
  39  3:32  Adept  
  43  3:40  Probe  
  44  3:41  Probe  
  44  3:45  Robotics Facility  
  45  3:52  Probe  
  45  3:53  Probe  
  45  3:55  Pylon  
  47  4:05  Probe  
  47  4:06  Pylon  
  47  4:08  Twilight Council  
  50  4:17  Pylon  
  48  4:26  Adept x4  
  56  4:32  Immortal (Chrono Boost)  
  60  4:47  Adept x4  
  68  4:54  Pylon  
  68  4:55  Pylon  
  68  5:04  Immortal (Chrono Boost)  
  72  5:13  Shield Upgrade  
  72  5:30  Gateway  
  72  5:31  Gateway, Immortal (Chrono Boost)  
  72  5:32  Gateway, Adept x4  
  84  5:38  Pylon  
  84  6:01  Adept, Warp Prism (Chrono Boost)  
  84  6:02  Adept x3  
  94  6:23  Adept x4, Observer (Chrono Boost)  
  99  6:46  Assimilator  
  93  6:51  Adept  
  93  6:52  Adept x6  
  107  7:04  Pylon  
  107  7:07  Pylon  
  107  7:09  Pylon  
  107  7:11  Pylon  
  107  7:23  Adept  
  107  7:24  Adept x3  
  107  7:25  Adept x3  
  121  7:41  Adept x2  
  121  7:42  Adept x4  
  113  7:44  Adept  
  73  7:59  Immortal (Chrono Boost)  
  67  8:09  Adept x4  
  67  8:10  Adept  
  68  8:29  Immortal (Chrono Boost)  
  68  8:30  Adept x3  
  68  8:32  Zealot x2  
  68  8:33  Zealot  
  84  8:34  Zealot  
  84  8:54  Adept x3  
  88  8:56  Adept x3  
  88  9:02  Adept  
  70  9:18  Adept x3  
  64  9:33  Adept  
  59  9:43  Adept x3  
  61  9:50  Adept  
  61  10:02  Adept  
  61  10:04  Adept x2  
  67  10:12  Adept  
  69  10:31  Adept x3  
  75  10:58  Adept  
  75  11:01  Pylon  
  77  11:27  Adept x4  
  58  11:47  Adept  
  58  11:48  Adept x2  

Tags
 
Add a new tag
Caveats
  • Supply blocks, unpowered buildings, or Contaminate may cause inaccurate times.
  • Supply counts are checked every 10 seconds.